 Dungeon Crawl Stone Soup version 0.32-a0-913-g739538afd8 (webtiles) character file.

Game seed: 7013841580045784249

611 McSplat the Digger (level 7, -9/52 HPs)
             Began as a Demigod Earth Elementalist on Apr 7, 2024.
             Killed from afar by an acid dragon (25 damage)
             ... with a splash of acid
             ... on level 5 of the Dungeon.
             The game lasted 00:15:25 (3748 turns).

McSplat the Digger (Demigod Earth Elementalist)     Turns: 3748, Time: 00:15:25

Health: -9/52      AC:  8    Str:  9    XL:     7   Next: 0%
Magic:  9/16       EV: 19    Int: 25    God:
Gold:   150        SH:  0    Dex: 14    Spells: 4/13 levels left

rFire   . . .        a - +0 short sword (flame)
rCold   . . .        (no shield)
rNeg    . . .        x - +3 ring mail
rPois   .            m - +0 helmet
rElec   .            u - +0 cloak
rCorr   .            q - +0 pair of gloves
SInv    .            H - +0 pair of boots
Will    .....        (no amulet)
Stlth   +            o - +5 ring of evasion
HPRegen 0.28/turn    L - +5 ring of evasion
MPRegen 0.15/turn

%: no passive effects
@: corroded, very slightly contaminated
A: high MP 1, forlorn, divine attributes
a: no special abilities


You were on level 5 of the Dungeon.
You visited 1 branch of the dungeon, and saw 5 of its levels.
You also visited: Sewer.

You collected 258 gold pieces.
You spent 108 gold pieces at shops.

Inventory:

Hand Weapons
 a - a +0 short sword of flaming (weapon)
Missiles
 e - 51 stones
 E - 5 boomerangs (quivered)
 J - 6 javelins
Armour
 m - a +0 helmet (worn)
 q - a +0 pair of gloves (worn)
 r - a +0 robe
 s - a +0 leather armour
 u - a +0 cloak (worn)
 x - a +3 ring mail (worn)
 C - a +1 ring mail of cold resistance
 H - a +0 pair of boots (worn)
Magical Staves
 b - a staff of conjuration
Jewellery
 o - a +5 ring of evasion (left hand)
 t - a +6 ring of intelligence
 L - a +5 ring of evasion (right hand)
 O - a ring of protection from fire
Talismans
 d - a serpent talisman
 I - a flux talisman
Wands
 g - a wand of flame (5)
Scrolls
 c - a scroll of enchant armour {unknown}
 f - 3 scrolls of poison {unknown}
 i - 2 scrolls of fog {unknown}
 n - 2 scrolls of immolation
 p - a scroll of teleportation
 y - a scroll of torment {unknown}
 F - a scroll of brand weapon {unknown}
 G - a scroll of noise {unknown}
 M - a scroll of vulnerability {unknown}
Potions
 h - a potion of ambrosia
 j - 3 potions of heal wounds
 k - a potion of lignification {unknown}
 l - 2 potions of magic
 v - 4 potions of brilliance {unknown}
 w - 3 potions of haste {unknown}
 z - a potion of might {unknown}
 A - a potion of invisibility {unknown}
 B - a potion of resistance {unknown}
 D - a potion of attraction {unknown}
 K - a potion of cancellation {unknown}
 N - a potion of curing {unknown}


   Skills:
 - Level 1.0 Fighting
 - Level 1.0 Short Blades
 - Level 1.0 Staves
 - Level 1.0 Armour
 - Level 1.7 Dodging
 - Level 1.7 Stealth
 + Level 3.8 Spellcasting
 + Level 2.9 Conjurations
 - Level 2.0 Translocations
 + Level 4.6 Earth Magic


You had 4 spell levels left.
You knew the following spells:

 Your Spells              Type           Power      Damage    Failure   Level
a - Sandblast             Erth           56%        2d13      3%          1
b - Passwall              Erth           28%        N/A       12%         3
c - Blink                 Tloc           28%        N/A       17%         2
d - Stone Arrow           Conj/Erth      46%        3d9       16%         3

Your spell library contained the following spells:

 Spells                   Type           Power      Damage    Failure   Level
 Momentum Strike          Conj/Tloc      34%        3d8       14%         2
 Lesser Beckoning         Tloc           28%        N/A       17%         2
 Brom's Barrelling Bould  Conj/Erth      23%        2d4       47%         4
 Frozen Ramparts          Ice            8%         1d2       61%         3
 Ozocubu's Armour         Ice            4%         N/A       61%         3
 Petrify                  Alch/Erth      16%        N/A       69%         4
 Metabolic Englaciation   Hex/Ice        2%         N/A       100%        5
 Haunt                    Necr/Summ      2%         N/A       100%        7
 Borgnjor's Revivificati  Necr           2%         N/A       100%        8
 Death's Door             Necr           2%         N/A       100%        9


Dungeon Overview and Level Annotations

Branches:
Dungeon (5/15)              Sewer (visited)
 Temple: D:4-7

Shops:
D:3 [   D:5 :


Innate Abilities, Weirdness & Mutations

You have an increased reservoir of magic. (+10% MP)
You shall have no god before yourself.
Your divine heritage dramatically boosts your attributes as you level up.


Message History

Confirm with . or Enter, or press ? or * to list all spells.
Aiming: Sandblast (safe; 3% risk of failure)
Press: ? - help, Shift-Dir - straight line, f/p - acid dragon
Aim: an acid dragon (moderately wounded, 83% to hit)
The blast of sand hits the acid dragon.
The acid dragon is heavily wounded.
The acid dragon barely misses you. The acid dragon closely misses you.
Unknown command.
Casting: Sandblast (safe; 3% risk of failure)
Confirm with . or Enter, or press ? or * to list all spells.
Aiming: Sandblast (safe; 3% risk of failure)
Press: ? - help, Shift-Dir - straight line, f/p - acid dragon
Aim: an acid dragon (heavily wounded, 83% to hit)
The blast of sand hits the acid dragon!
The acid dragon is severely wounded.
The acid dragon spits acid at you. The splash of acid hits you!!
* * * LOW HITPOINT WARNING * * *
The acid corrodes you! The acid dragon closely misses you.
The acid dragon barely misses you.
Casting: Sandblast (safe; 3% risk of failure)
Confirm with . or Enter, or press ? or * to list all spells.
Aiming: Sandblast (safe; 3% risk of failure)
Press: ? - help, Shift-Dir - straight line, f/p - acid dragon
Aim: an acid dragon (severely wounded, 83% to hit)
The blast of sand hits the acid dragon.
The acid dragon is severely wounded.
The acid dragon misses you.
The acid dragon claws you but does no damage.
Casting: Sandblast (safe; 3% risk of failure)
Confirm with . or Enter, or press ? or * to list all spells.
Aiming: Sandblast (safe; 3% risk of failure)
Press: ? - help, Shift-Dir - straight line, f/p - acid dragon
Aim: an acid dragon (severely wounded, 83% to hit)
You miscast Sandblast.
You are very lightly contaminated with residual magic.
Nothing appears to happen.
The acid dragon spits acid at you. The splash of acid hits you!!
You die...

.. .# .# ## .# .# .#
.###### .#####
......###########.....#
≈≈≈≈≈...........@.....+
....≈.........###D....#
≈≈≈.≈.#######.# .....#
..≈.≈.# ..# [#####
≈.≈.≈.# .### .#
≈.≈.≈.## #. .# ≈.≈.≈..#
# .# ≈.≈)≈..# .#
..≈(≈....


You could see an acid dragon (catching breath).

Vanquished Creatures
  2 ogres
  A scorpion (D:3)
  3 jellies
  A hound (D:4)
  2 iguanas (D:4)
  Natasha (D:2)
  A gnoll (D:1)
  8 adders
  2 river rats (D:3)
  A dart slug (D:1)
  A ribbon worm (D:4)
  9 orcs
  18 endoplasms
  5 giant cockroaches
  5 hobgoblins
  3 quokkas
  6 ball pythons
  3 bats
  8 frilled lizards
  5 goblins
  3 kobolds
  11 rats
99 creatures vanquished.

Notes
Turn   | Place    | Note
-------+----------+-------------------------------------------
     0 | D:1      | McSplat the Demigod Earth Elementalist began the quest for
                  | the Orb.
     0 | D:1      | Reached XP level 1. HP: 14/14 MP: 5/5
    90 | D:1      | Reached skill level 1 in Conjurations
   249 | D:1      | Reached XP level 2. HP: 20/20 MP: 7/7
   477 | D:1      | Reached skill level 3 in Earth Magic
   916 | D:2      | Reached XP level 3. HP: 23/26 MP: 5/9
   931 | D:2      | Learned a level 3 spell: Passwall
  1251 | D:2      | Learned a level 2 spell: Blink
  1259 | D:2      | Noticed Natasha
  1263 | D:2      | Killed Natasha
  1450 | D:3      | Reached XP level 4. HP: 33/33 MP: 8/10
  1470 | D:3      | Found a glowing drain.
  1501 | Sewer    | Entered a sewer
  1585 | Sewer    | Reached skill level 1 in Translocations
  1831 | Sewer    | Reached XP level 5. HP: 38/38 MP: 5/12
  1922 | Sewer    | Reached skill level 4 in Earth Magic
  2263 | D:3      | Learned a level 3 spell: Stone Arrow
  2641 | D:3      | Found Gucirch's Antique Armour Emporium.
  2647 | D:3      | Bought a pair of boots for 108 gold pieces
  2965 | D:4      | Reached XP level 6. HP: 35/46 MP: 9/14
  3012 | D:4      | Reached skill level 1 in Fighting
  3105 | D:4      | Reached skill level 1 in Armour
  3249 | D:4      | Reached skill level 1 in Short Blades
  3249 | D:4      | Reached skill level 1 in Staves
  3590 | D:5      | Entered Level 5 of the Dungeon
  3692 | D:5      | Found Pucrit's Book Shoppe.
  3727 | D:5      | Reached XP level 7. HP: 52/52 MP: 13/16
  3748 | D:5      | Killed from afar by an acid dragon

Illustrated notes

Levels and vault maps discovered:
D:1:      minmay_arrival_loop, layout_basic, minmay_tripent
D:2:      layout_basic, uniq_natasha
D:3:      layout_loops_corners, minmay_overflow_temple_star_quad,
          portal_sewer_entry_c, serial_shops, shop, minmay_diced_spiral
D:4:      layout_cave_pools, mainiacjoe_overflow_small_starburst,
          mainiacjoe_overflow_surrounded_room, serial_library_hellmonk_room_a
D:5:      layout_basic, lightli_ossuary_entry_decrepit_ruins,
          nicolae_inconvenience_store, guppyfry_shop_venom

Skill      XL: |  1  2  3  4  5  6 |
---------------+-------------------+-----
Conjurations   | 1 2 |  2.9
Spellcasting   | 2 3 |  3.8
Earth Magic    | 3 4 |  4.6
Translocations | 1 2 |  2.0
Fighting       | 1 |  1.0
Armour         | 1 |  1.0
Short Blades   | 1 |  1.0
Staves         | 1 |  1.0
Dodging        | |  1.7
Stealth        | |  1.7

Action                     |  1- 3 |  4- 6 |  7- 9 || total
---------------------------+-------+-------+-------++-------
  Melee: Dagger            |     8 |     1 |       ||     9
         Short sword       |       |    14 |       ||    14
  Throw: Boomerang         |       |     2 |       ||     2
   Cast: Sandblast         |    36 |   103 |     6 ||   145
    Use: Scroll            |     3 |     1 |       ||     4
   Stab: Sleeping          |     3 |     1 |       ||     4
 Armour: Robe              |     7 |       |       ||     7
         Leather armour    |     2 |       |       ||     2
         Ring mail         |       |    27 |     4 ||    31
  Dodge: Dodged            |    14 |    40 |    11 ||    65

Table legend: (Time is in decaauts)
 A = Elapsed time spent in this place.
 B = Non-inter-level travel time spent in this place.
 C = Inter-level travel time spent in this place.
 D = Time resting spent in this place.
 E = Time spent auto-exploring this place.
 F = Levels seen in this place.
 G = Mean time per level.
                   A        B        C        D        E       F      G
               +--------+--------+--------+--------+--------+-----+--------+
         Total |   3840 |   3700 |    140 |    451 |   2361 |   6 |  640.0 |
       Dungeon |   3254 |   3114 |    140 |    248 |   2118 |   5 |  650.8 |
         Sewer |    585 |    585 |      0 |    203 |    242 |   1 |  585.0 |
               +--------+--------+--------+--------+--------+-----+--------+

Top non-repeatable levels by time:
     D:3: 1069 daAuts
     D:1: 709 daAuts
     D:2: 661 daAuts
     D:4: 651 daAuts
   Sewer: 585 daAuts
     D:5: 162 daAuts
